 Dungeon Crawl Stone Soup version 0.29.1-14-g9c671dbff4 (webtiles) character file.

Game seed: 5628969835891994785

225 Peloso the Covered (level 5, -2/47 HPs)
             Began as a Minotaur Fighter on Feb 15, 2023.
             Slain by an orc
             ... wielding a +0 trident
              (7 damage)
             ... on level 4 of the Dungeon.
             The game lasted 00:06:17 (3612 turns).

Peloso the Covered (Minotaur Fighter)               Turns: 3612, Time: 00:06:18

Health: -2/47      AC: 11    Str: 21    XL:     5   Next: 68%
Magic:  4/4        EV:  7    Int:  5    God:
Gold:   116        SH:  4    Dex: 11    Spells: 4/4 levels left

rFire   + . .      SeeInvis .   a - +1 long sword (chaos)
rCold   + . .      Faith    .   d - +0 buckler
rNeg    . . .      Spirit   .   u - +0 chain mail
rPois   .          Reflect  .   (helmet restricted)
rElec   .          Harm     .   h - scarf {rC+ rF+}
rCorr   .          Rampage  .   (no gloves)
Will    .....                   c - +0 pair of boots
Stlth   ..........              (no amulet)
HPRegen 0.15/turn               (no ring)
MPRegen 0.09/turn               (no ring)

@: no status effects
A: horns 2, retaliatory headbutt
a: no special abilities


You were on level 4 of the Dungeon.
You visited 1 branch of the dungeon, and saw 4 of its levels.

You collected 116 gold pieces.

Inventory:

Hand Weapons
 a - a +1 long sword of chaos (weapon)
Armour
 b - a +0 scale mail
 c - a +0 pair of boots (worn)
 d - a +0 buckler (worn)
 h - a scarf of resistance (worn)
 u - a +0 chain mail (worn)
Wands
 f - a wand of roots (6)
 j - a wand of digging (4)
Scrolls
 g - 4 scrolls of teleportation
 i - a scroll of vulnerability {unknown}
 k - a scroll of fog
 l - a scroll of amnesia
 o - 2 scrolls of enchant weapon
 q - a scroll of silence {unknown}
 r - a scroll of brand weapon
 s - a scroll of enchant armour {unknown}
 t - a scroll of immolation {unknown}
 v - a scroll of blinking {unknown}
Potions
 e - 3 potions of might
 m - a potion of flight
 n - a potion of brilliance {unknown}
 p - a potion of invisibility {unknown}


   Skills:
 + Level 4.4 Fighting
 + Level 4.5 Long Blades
 + Level 5.4 Armour
 + Level 1.1 Dodging
 + Level 0.2 Stealth
 + Level 4.3 Shields


You had 4 spell levels left.
You didn't know any spells.
Your spell library contained the following spells:

 Spells                   Type           Power      Damage    Failure   Level
 Ozocubu's Armour         Ice            0%         N/A       100%        3
 Metabolic Englaciation   Hex/Ice        0%         N/A       100%        5
 Simulacrum               Ice/Necr       0%         N/A       100%        6


Dungeon Overview and Level Annotations

Branches:
Dungeon (4/15)
 Temple: D:4-7

Altars:
Ru
Xom


Innate Abilities, Weirdness & Mutations

You have a pair of horns on your head.
You reflexively headbutt those who attack you in melee.


Message History

A magic dart appears from out of thin air!
The magic dart hits you. The orc closely misses you.
You slash the orc priest!
The orc priest is poisoned.
You headbutt the orc priest.
You kill the orc priest!
Something hits you but does no damage. The orc hits you but does no damage.
Your Dodging skill increases to level 1!
Something hits you but does no damage. The orc barely misses you.
You see here a +0 hand axe.
You hear some strange, mumbled words.
A magic dart appears from out of thin air!
The magic dart hits you!
The orc hits you from afar with a +0 trident.
You closely miss something. Something hits you. The orc barely misses you.
Something hits you but does no damage.
The orc hits you from afar with a +0 trident.
You closely miss something. The orc hits you but does no damage.
Something hits you but does no damage.
You hit something. You freeze something. The orc barely misses you.
Something hits you but does no damage.
You hit something but do no damage. You headbutt something.
The orc barely misses you. Something hits you but does no damage.
You barely miss something. Something hits you but does no damage.
The orc hits you from afar with a +0 trident.
The orc hits you but does no damage. Something hits you but does no damage.
You miss something. The orc hits you but does no damage.
Something hits you but does no damage.
You closely miss something. Your headbutt misses something.
The orc barely misses you. Something hits you but does no damage.
You slash something!
Reactivating autopickup.
You feel a bit more experienced.
The orc hits you from afar with a +0 trident!
* * * LOW HITPOINT WARNING * * *
The orc hits you with a +0 trident.
* * * LOW HITPOINT WARNING * * *
Things that are here:
a +0 dagger; a +0 robe; an orc corpse The orc hits you with a +0 trident!
You die...

# . .# .? .###
.#.############....#
...........)o@.....+
.#.........))......#
.......<...........#
.#.#..####..########
#. #..# .. ..... ..
....... .# .........
..###.....


You could see an orc.

Vanquished Creatures
  An orc priest (D:4)
  Jessica (D:3)
  An orc wizard (D:4)
  3 adders
  3 worms
  2 dart slugs
  8 orcs
  5 ball pythons
  9 endoplasms
  A giant cockroach (D:1)
  10 goblins
  7 hobgoblins
  2 jackals (D:1)
  5 quokkas
  13 bats
  6 frilled lizards
  14 kobolds
  4 rats
95 creatures vanquished.

Notes
Turn   | Place    | Note
-------+----------+-------------------------------------------
     0 | D:1      | Peloso the Minotaur Fighter began the quest for the Orb.
     0 | D:1      | Reached XP level 1. HP: 19/19 MP: 0/0
   350 | D:1      | Reached XP level 2. HP: 25/27 MP: 1/1
   547 | D:1      | Reached skill level 4 in Armour
   547 | D:1      | Reached XP level 3. HP: 28/33 MP: 2/2
  1468 | D:2      | Reached XP level 4. HP: 38/40 MP: 3/3
  2214 | D:3      | Found a sacrificial altar of Ru.
  2254 | D:3      | Noticed Jessica
  2259 | D:3      | Killed Jessica
  2260 | D:3      | Reached skill level 5 in Armour
  2415 | D:3      | Found a faded altar of an unknown god.
  2640 | D:3      | Reached XP level 5. HP: 19/46 MP: 4/4
  3018 | D:3      | Found a shimmering altar of Xom.
  3601 | D:4      | Reached skill level 1 in Dodging
  3612 | D:4      | Slain by an orc

Illustrated notes

Levels and vault maps discovered:
D:1:      dpeg_arrival_tiny_g, layout_basic, chequers_decorated_corner
D:2:      kb_forest_paths, layout_loops_ring, minmay_cupped
D:3:      layout_basic, hangedman_ru_absence, xom_teletrap_fun,
          chequers_ecumenical_altar_simple_redux, minmay_puff, uniq_jessica
D:4:      layout_gridville, grunt_qazlal_clouds, marbit_many_paths,
          elyvilon_altar_5

Skill      XL: |  1  2  3  4  5 |
---------------+----------------+-----
Fighting       | 4 |  4.4
Shields        | 4 |  4.3
Armour         | 4 5 |  5.4
Long Blades    | 3 4 |  4.5
Dodging        | 1 |  1.1
Stealth        | |  0.2

Action                   |  1- 3 |  4- 6 || total
-------------------------+-------+-------++-------
Melee: Long sword        |   109 |   127 ||   236
       Headbutt          |    10 |    17 ||    27
  Use: Scroll            |       |     7 ||     7
Armor: Scale mail        |    60 |    61 ||   121
       Chain mail        |       |    20 ||    20
Dodge: Dodged            |    49 |    54 ||   103
Block: Buckler           |    30 |    25 ||    55
